Boston Bruins vs Pittsburgh Penguins

Created - Friday, January 16, 2026 at 07:55

Goals
1 2 3 T
Boston Bruins 0 3 3 6
Pittsburgh Penguins 1 1 1 3
Shots
1 2 3 T
Boston Bruins 3 21 12 36
Pittsburgh Penguins 7 13 24 44

1st period

1. Pittsburgh Penguins , Leon Draisaitl 1 (Mitchell Marner 1, Tage Thompson 2) at 12:27

Penalties :
No Penalty

2nd period

2. Boston Bruins , Maxim Tsyplakov 1 (Mark Kastelic 2) at 1:31
3. Boston Bruins , Ryan Strome 1 (Alex Laferriere 2) at 7:54
4. Boston Bruins , Ryan Strome 2 (Jake Neighbours 1) at 8:02
5. Pittsburgh Penguins , Mitchell Marner 1 (Leon Draisaitl 1, Brian Dumoulin 2) at 9:46 (PP)

Penalties :
Jake Neighbours (BOS) for Interference (Minor) at 2:45, Jake Neighbours (BOS) for High sticking (Minor) at 9:31, Leon Draisaitl (PIT) for Hooking (Minor) at 11:21

3rd period

6. Pittsburgh Penguins , Leon Draisaitl 2 (Sam Reinhart 1, Mitchell Marner 2) at 2:29 (PP)
7. Boston Bruins , Ryan Strome 3 (Alex Laferriere 3, Jake Neighbours 2) at 9:45 (PP)
8. Boston Bruins , Joel Farabee 2 (Beck Malenstyn 1, Jakob Pelletier 1) at 17:29
9. Boston Bruins , Viktor Arvidsson 1 (John Marino 1, Urho Vaakanainen 1) at 19:16 (PP)

Penalties :
Mark Kastelic (BOS) for Tripping (Minor) at 1:45, Ryan Strome (BOS) for Slashing (Minor) at 3:37, Carson Soucy (PIT) for Interference (Minor) at 8:45, Alex Laferriere (BOS) for Cross-checking (Minor) at 12:12, Travis Sanheim (PIT) for Tripping (Minor) at 19:06

Goalie Stats

Leevi Merilainen (BOS), 41 saves from 44 shots - (0.932), W, 1-1-0, 60:00 minutes
John Gibson (PIT), 30 saves from 36 shots - (0.833), L, 0-2-0, 60:00 minutes

Players Stats for Boston Bruins

Player Name              G  A  P  +/- PIM S  H  SB GA TA FO     MP     PP MP  PK MP  
------------------------------------------------------------------------------------
Adam Wilsby              0  0  0   1  0   0  0  2  0  0  0/0    13:00   0:00   0:00 
Alex Laferriere          0  2  2   2  2   4  0  0  0  3  1/11   23:51   2:02   2:10 
Beck Malenstyn           0  1  1   1  0   0  1  1  0  1  0/2    10:25   0:00   2:24 
Jack Thompson            0  0  0   1  0   0  0  2  0  1  0/0     6:16   0:00   0:00 
Jake Neighbours          0  2  2   2  4   2  2  2  0  1  0/1    23:32   2:02   2:08 
Jakob Pelletier          0  1  1   1  0   0  1  0  0  1  0/0     3:07   0:05   0:00 
Joel Farabee             1  0  1   1  0   5  0  0  1  0  1/1    14:14   0:02   1:00 
John Marino              0  1  1   0  0   1  0  1  0  0  0/0    20:29   0:47   3:38 
Mark Kastelic            0  1  1   0  2   3  6  0  1  1  10/14  17:12   1:04   0:49 
Maxim Tsyplakov          1  0  1   0  0   4  2  0  2  1  1/2    16:45   1:05   0:00 
Rasmus Sandin            0  0  0   1  0   2  2  1  0  0  0/0    21:18   2:22   3:18 
Ryan Strome              3  0  3   2  2   7  1  1  0  0  18/27  18:30   2:02   2:17 
Sam Morton               0  0  0   0  0   1  0  0  0  0  1/4    12:50   0:00   0:00 
Samuel Girard            0  0  0   2  0   2  0  2  0  1  0/0    26:31   2:22   3:18 
Taylor Raddysh           0  0  0   0  0   3  1  0  1  0  0/0    12:56   0:00   0:00 
Urho Vaakanainen         0  1  1   0  0   0  1  3  0  0  0/0    19:26   0:47   3:38 
Victor Mancini           0  0  0   1  0   0  0  0  0  1  0/0    13:00   0:00   0:00 
Viktor Arvidsson         1  0  1   0  0   2  1  0  0  1  0/2    19:37   1:05   3:04 

Players Stats for Pittsburgh Penguins

Player Name              G  A  P  +/- PIM S  H  SB GA TA FO     MP     PP MP  PK MP  
------------------------------------------------------------------------------------
Blake Coleman            0  0  0  -1  0   1  2  0  0  0  1/1    13:20   0:00   0:47 
Brian Dumoulin           0  1  1  -1  0   2  0  1  0  0  0/0    20:20   3:37   1:25 
Carson Soucy             0  0  0   0  2   0  1  0  0  0  0/0    12:43   0:00   0:00 
Christian Dvorak         0  0  0   0  0   2  0  0  0  0  0/0     8:35   0:00   0:00 
Erik Gudbranson          0  0  0   0  0   0  2  0  0  0  0/0    12:44   0:00   0:00 
Erik Karlsson            0  0  0  -2  0   4  1  1  1  1  0/0    26:56   3:19   1:44 
Gabriel Vilardi          0  0  0  -1  0   3  0  1  0  1  0/0    18:16   3:43   0:00 
Jordan Eberle            0  0  0  -1  0   4  1  1  2  0  1/1    12:24   0:00   0:00 
Leon Draisaitl           2  1  3  -1  2   5  1  0  2  0  13/25  18:13   3:13   0:38 
Mattias Ekholm           0  0  0  -1  0   2  0  3  0  0  0/0    20:20   3:37   1:25 
Mitchell Marner          1  2  3  -1  0   5  0  0  2  0  0/3    19:18   3:13   1:43 
Pavel Buchnevich         0  0  0  -1  0   5  2  0  1  1  1/1    18:50   3:43   0:34 
Phillip Danault          0  0  0   0  0   3  0  0  2  0  4/4     8:26   0:00   0:00 
Ryan O'Reilly            0  0  0  -1  0   0  3  0  1  0  5/6    12:33   0:00   0:00 
Sam Reinhart             0  1  1  -1  0   1  1  1  1  0  2/4    18:54   3:13   1:18 
Tage Thompson            0  1  1  -1  0   4  2  1  0  0  5/19   19:35   3:43   1:18 
Travis Sanheim           0  0  0  -2  2   3  2  1  0  2  0/0    26:55   3:19   1:44 
Zemgus Girgensons        0  0  0   0  0   0  2  0  0  0  0/0     8:26   0:00   0:00 

3 Stars

1 - Ryan Strome (BOS)
2 - Leevi Merilainen (BOS)
3 - Leon Draisaitl (PIT)

Power Play

Boston Bruins - 2 on 3 Attempt(s) - 66.67%
Pittsburgh Penguins - 2 on 5 Attempt(s) - 40.00%

Penalty Kill

Boston Bruins - 3 on 5 Attempt(s) - 60.00% - Score 0 goal in Penalty Kill
Pittsburgh Penguins - 1 on 3 Attempt(s) - 33.33% - Score 0 goal in Penalty Kill

Team Stat

Boston Bruins - Hits : 18 - Faceoff Wins : 32 - Blocked Shots : 15 - Penalty Minutes : 10
Pittsburgh Penguins - Hits : 20 - Faceoff Wins : 32 - Blocked Shots : 10 - Penalty Minutes : 6

Official

Referees : Eric Furlatt and Justin Kea
Linesman : Caleb Apperson and Julien Fournier

Game Notes

Ryan Strome has scored a Hat Trick!

Finance

Level 1 -- Attendance: 4900 (81.67%) -- Ticket Income $490,000
Level 2 -- Attendance: 4055 (81.10%) -- Ticket Income $243,300
Level 3 -- Attendance: 2822 (94.07%) -- Ticket Income $98,770
Level 4 -- Attendance: 3652 (73.04%) -- Ticket Income $91,300
Luxury Box -- Attendance: 752 (75.20%) -- Ticket Income $150,400
Game was played at the Consol Energy Center.
Total Attendance: 16181 (80.91%)
Total Ticket Income: $1,073,770
Other Income: $375,820
Total Income: $1,449,590

Boston Bruins

5 vs 5 Forward 
   Center                   Left Wing                Right Wing               Time % Phy DF OF 
 1 Ryan Strome              Alex Laferriere          Jake Neighbours          30     1   2  2  
 2 Mark Kastelic            Viktor Arvidsson         Maxim Tsyplakov          30     1   2  2  
 3 Sam Morton               Joel Farabee             Taylor Raddysh           25     1   2  2  
 4 Alex Laferriere          Beck Malenstyn           Jake Neighbours          15     1   2  2  

5 vs 5 Defense 
   Defense                  Defense                                           Time % Phy DF OF 
 1 Samuel Girard            Rasmus Sandin                                     30     1   2  2  
 2 John Marino              Urho Vaakanainen                                  30     1   2  2  
 3 Adam Wilsby              Victor Mancini                                    25     1   2  2  
 4 Jack Thompson            Samuel Girard                                     15     1   2  2  

PowerPlay Forward 
   Center                   Left Wing                Right Wing               Time % Phy DF OF 
 1 Ryan Strome              Alex Laferriere          Jake Neighbours          50     1   2  2  
 2 Mark Kastelic            Viktor Arvidsson         Maxim Tsyplakov          50     1   2  2  

PowerPlay Defense
   Defense                  Defense                                           Time % Phy DF OF 
 1 Samuel Girard            Rasmus Sandin                                     50     1   2  2  
 2 John Marino              Urho Vaakanainen                                  50     1   2  2  

Penalty Kill 4 Players Forward 
   Center                   Wing                     Time % Phy DF OF 
 1 Alex Laferriere          Jake Neighbours          50     1   2  2  
 2 Ryan Strome              Viktor Arvidsson         50     1   2  2  

Penalty Kill 4 Players Defense
   Defense                  Defense                  Time % Phy DF OF 
 1 Samuel Girard            Rasmus Sandin            50     1   2  2  
 2 John Marino              Urho Vaakanainen         50     1   2  2  

Penalty Kill - 3 Players Forward 
   Forward                                           Time % Phy DF OF 
 1 Alex Laferriere                                   50     1   2  2  
 2 Jake Neighbours                                   50     1   2  2  

Penalty Kill - 3 Players Defense
   Defense                  Defense                  Time % Phy DF OF 
 1 Samuel Girard            Rasmus Sandin            50     1   2  2  
 2 John Marino              Urho Vaakanainen         50     1   2  2  

4 vs 4 Forward 
   Center                   Wing                     Time % Phy DF OF 
 1 Alex Laferriere          Jake Neighbours          50     1   2  2  
 2 Ryan Strome              Viktor Arvidsson         50     1   2  2  

4 vs 4 Defense
   Defense                  Defense                  Time % Phy DF OF 
 1 Samuel Girard            Rasmus Sandin            50     1   2  2  
 2 John Marino              Urho Vaakanainen         50     1   2  2  

Last Minutes Offensive
   Center                   Left Wing                Right Wing               Defense                  Defense                  
   Ryan Strome              Alex Laferriere          Jake Neighbours          Samuel Girard            Rasmus Sandin            

Last Minutes Defensive
   Center                   Left Wing                Right Wing               Defense                  Defense                  
   Ryan Strome              Alex Laferriere          Jake Neighbours          Samuel Girard            Rasmus Sandin            

Goaltenders
Starting : Leevi Merilainen         
Backup : Petr Mrazek              

Extra Forwards
Normal : Jakob Pelletier, Joel Farabee, Beck Malenstyn - PP : Jakob Pelletier, Joel Farabee - PK : Beck Malenstyn
Extra Defensemen
Normal : Adam Wilsby, Victor Mancini, Jack Thompson - PP : Adam Wilsby - PK : Victor Mancini, Jack Thompson
Penalty Shots
Alex Laferriere, Jake Neighbours, Ryan Strome, Viktor Arvidsson, Maxim Tsyplakov

Scratches
Aatu Raty (Healthy), Jaden Schwartz (Healthy), Ozzy Wiesblatt (Healthy), Philippe Daoust (Healthy), Marcus Hogberg (Healthy)

Pittsburgh Penguins

5 vs 5 Forward 
   Center                   Left Wing                Right Wing               Time % Phy DF OF 
 1 Leon Draisaitl           Sam Reinhart             Mitchell Marner          30     1   2  2  
 2 Tage Thompson            Pavel Buchnevich         Gabriel Vilardi          30     1   2  2  
 3 Ryan O'Reilly            Blake Coleman            Jordan Eberle            25     1   2  2  
 4 Phillip Danault          Zemgus Girgensons        Christian Dvorak         15     1   2  2  

5 vs 5 Defense 
   Defense                  Defense                                           Time % Phy DF OF 
 1 Travis Sanheim           Erik Karlsson                                     30     1   2  2  
 2 Brian Dumoulin           Mattias Ekholm                                    30     1   2  2  
 3 Carson Soucy             Erik Gudbranson                                   25     1   2  2  
 4 Travis Sanheim           Erik Karlsson                                     15     1   2  2  

PowerPlay Forward 
   Center                   Left Wing                Right Wing               Time % Phy DF OF 
 1 Leon Draisaitl           Sam Reinhart             Mitchell Marner          50     1   2  2  
 2 Tage Thompson            Pavel Buchnevich         Gabriel Vilardi          50     1   2  2  

PowerPlay Defense
   Defense                  Defense                                           Time % Phy DF OF 
 1 Travis Sanheim           Erik Karlsson                                     50     1   2  2  
 2 Brian Dumoulin           Mattias Ekholm                                    50     1   2  2  

Penalty Kill 4 Players Forward 
   Center                   Wing                     Time % Phy DF OF 
 1 Mitchell Marner          Leon Draisaitl           50     1   2  2  
 2 Sam Reinhart             Tage Thompson            50     1   2  2  

Penalty Kill 4 Players Defense
   Defense                  Defense                  Time % Phy DF OF 
 1 Travis Sanheim           Erik Karlsson            50     1   2  2  
 2 Brian Dumoulin           Mattias Ekholm           50     1   2  2  

Penalty Kill - 3 Players Forward 
   Forward                                           Time % Phy DF OF 
 1 Mitchell Marner                                   50     1   2  2  
 2 Leon Draisaitl                                    50     1   2  2  

Penalty Kill - 3 Players Defense
   Defense                  Defense                  Time % Phy DF OF 
 1 Travis Sanheim           Erik Karlsson            50     1   2  2  
 2 Brian Dumoulin           Mattias Ekholm           50     1   2  2  

4 vs 4 Forward 
   Center                   Wing                     Time % Phy DF OF 
 1 Mitchell Marner          Leon Draisaitl           50     1   2  2  
 2 Sam Reinhart             Tage Thompson            50     1   2  2  

4 vs 4 Defense
   Defense                  Defense                  Time % Phy DF OF 
 1 Travis Sanheim           Erik Karlsson            50     1   2  2  
 2 Brian Dumoulin           Mattias Ekholm           50     1   2  2  

Last Minutes Offensive
   Center                   Left Wing                Right Wing               Defense                  Defense                  
   Leon Draisaitl           Sam Reinhart             Mitchell Marner          Travis Sanheim           Erik Karlsson            

Last Minutes Defensive
   Center                   Left Wing                Right Wing               Defense                  Defense                  
   Leon Draisaitl           Sam Reinhart             Mitchell Marner          Travis Sanheim           Erik Karlsson            

Goaltenders
Starting : John Gibson              
Backup : Jordan Binnington        

Extra Forwards
Normal : Christian Dvorak, Ryan O'Reilly, Blake Coleman - PP : Christian Dvorak, Ryan O'Reilly - PK : Blake Coleman
Extra Defensemen
Normal : Carson Soucy, Erik Gudbranson, Brian Dumoulin - PP : Carson Soucy - PK : Erik Gudbranson, Brian Dumoulin
Penalty Shots
Mitchell Marner, Leon Draisaitl, Sam Reinhart, Tage Thompson, Ryan O'Reilly

Scratches
None


% Time on Ice - Boston Bruins

Lines # - Real PCT - Wanted PCT - Time Play
Normal Forward
1 - 29% - 30% - 14:20
2 - 32% - 30% - 15:53
3 - 26% - 25% - 12:50
4 - 14% - 15% - 6:52
Normal Defense
1 - 31% - 30% - 15:38
2 - 30% - 30% - 15:01
3 - 26% - 25% - 13:00
4 - 13% - 15% - 6:16
PP Forward
1 - 65% - 50% - 2:02
2 - 35% - 50% - 1:07
PP Defense
1 - 75% - 50% - 2:22
2 - 25% - 50% - 0:47
PK Forward
1 - 56% - 50% - 3:52
2 - 44% - 50% - 3:04
PK Defense
1 - 48% - 50% - 3:18
2 - 52% - 50% - 3:38
PK3 Forward
1 - 0% - 50%
2 - 0% - 50%
PK3 Defense
1 - 0% - 50%
2 - 0% - 50%
44 Forward
1 - 0% - 50%
2 - 0% - 50%
44 Defense
1 - 0% - 50%
2 - 0% - 50%
Last Minute Offensive  - 0:00
Last Minute Defensive  - 0:00
Total
Forward - 60:00
Defense - 60:00

% Time on Ice - Pittsburgh Penguins

Lines # - Real PCT - Wanted PCT - Time Play
Normal Forward
1 - 29% - 30% - 14:22
2 - 29% - 30% - 14:43
3 - 25% - 25% - 12:24
4 - 17% - 15% - 8:26
Normal Defense
1 - 31% - 30% - 15:20
2 - 31% - 30% - 15:18
3 - 26% - 25% - 12:44
4 - 13% - 15% - 6:33
PP Forward
1 - 46% - 50% - 3:13
2 - 54% - 50% - 3:43
PP Defense
1 - 48% - 50% - 3:19
2 - 52% - 50% - 3:37
PK Forward
1 - 59% - 50% - 1:51
2 - 41% - 50% - 1:18
PK Defense
1 - 55% - 50% - 1:44
2 - 45% - 50% - 1:25
PK3 Forward
1 - 0% - 50%
2 - 0% - 50%
PK3 Defense
1 - 0% - 50%
2 - 0% - 50%
44 Forward
1 - 0% - 50%
2 - 0% - 50%
44 Defense
1 - 0% - 50%
2 - 0% - 50%
Last Minute Offensive  - 0:00
Last Minute Defensive  - 0:00
Total
Forward - 60:00
Defense - 60:00

Play-by-Play

1st period


0:01 of 1st period - Leon Draisaitl wins face-off versus Ryan Strome in neutral zone.
0:08 of 1st period - Snap shot by Mitchell Marner.
0:08 of 1st period - Shot Misses the Net.
0:26 of 1st period - Erik Karlsson is hit by Mark Kastelic and loses puck.
0:53 of 1st period - Slapshot by Taylor Raddysh.
0:53 of 1st period - Shot Misses the Net.
1:44 of 1st period - Mark Kastelic is hit by Zemgus Girgensons and loses puck.
2:37 of 1st period - Slapshot by Mitchell Marner.
2:37 of 1st period - Shot Misses the Net.
2:58 of 1st period - Mark Kastelic is hit by Erik Gudbranson and loses puck.
3:13 of 1st period - Sam Morton is hit by Erik Gudbranson and loses puck.
5:05 of 1st period - Slapshot by Christian Dvorak.
5:05 of 1st period - Deflect By Phillip Danault.
5:05 of 1st period - Stopped by Leevi Merilainen with a rebound.
5:23 of 1st period - Mark Kastelic is hit by Sam Reinhart and loses puck.
6:16 of 1st period - Wrist shot by Christian Dvorak.
6:16 of 1st period - Deflect By Zemgus Girgensons.
6:16 of 1st period - Shot Blocked by Jake Neighbours.
6:16 of 1st period - Puck is out of play.
6:17 of 1st period - Phillip Danault wins face-off versus Ryan Strome in Boston Bruins zone.
6:30 of 1st period - Wrist shot by Christian Dvorak.
6:30 of 1st period - Stopped by Leevi Merilainen without a rebound.
6:31 of 1st period - Leon Draisaitl wins face-off versus Viktor Arvidsson in Boston Bruins zone.
7:06 of 1st period - Snap shot by Joel Farabee.
7:06 of 1st period - Stopped by John Gibson without a rebound.
7:07 of 1st period - Ryan Strome wins face-off versus Tage Thompson in Pittsburgh Penguins zone.
7:12 of 1st period - Snap shot by Ryan Strome.
7:12 of 1st period - Shot Misses the Net.
7:14 of 1st period - Wrist shot by Jake Neighbours.
7:14 of 1st period - Shot Misses the Net.
7:22 of 1st period - Wrist shot by Ryan Strome.
7:22 of 1st period - Shot Misses the Net.
7:37 of 1st period - Maxim Tsyplakov is hit by Ryan O'Reilly and loses puck.
7:59 of 1st period - Slapshot by Joel Farabee.
7:59 of 1st period - Stopped by John Gibson with a rebound.
8:22 of 1st period - Backhand shot by Leon Draisaitl.
8:22 of 1st period - Shot Misses the Net.
8:34 of 1st period - Wrist shot by Pavel Buchnevich.
8:34 of 1st period - Stopped by Leevi Merilainen without a rebound.
8:35 of 1st period - Mark Kastelic wins face-off versus Tage Thompson in Boston Bruins zone.
9:07 of 1st period - Snap shot by Sam Morton.
9:07 of 1st period - Shot Blocked by Mattias Ekholm.
9:31 of 1st period - Leon Draisaitl is hit by Ryan Strome and loses puck.
9:46 of 1st period - Christian Dvorak is hit by Maxim Tsyplakov and loses puck.
10:50 of 1st period - Snap shot by Tage Thompson.
10:50 of 1st period - Stopped by Leevi Merilainen with a rebound.
10:52 of 1st period - Slapshot by Brian Dumoulin.
10:52 of 1st period - Shot Misses the Net.
11:44 of 1st period - Samuel Girard is hit by Blake Coleman and loses puck.
12:09 of 1st period - Slapshot by Pavel Buchnevich.
12:09 of 1st period - Shot Blocked by Jack Thompson.
12:27 of 1st period - Slapshot by Leon Draisaitl.
12:27 of 1st period - Goal by Leon Draisaitl - Boston Bruins : 0 - Pittsburgh Penguins : 1.
12:28 of 1st period - Ryan Strome wins face-off versus Tage Thompson in neutral zone.
12:36 of 1st period - Off-side.
12:37 of 1st period - Ryan Strome wins face-off versus Tage Thompson in neutral zone.
12:49 of 1st period - Rasmus Sandin is hit by Tage Thompson and loses puck.
13:00 of 1st period - Snap shot by Ryan Strome.
13:00 of 1st period - Shot Misses the Net.
13:42 of 1st period - Snap shot by Alex Laferriere.
13:42 of 1st period - Shot Misses the Net.
13:58 of 1st period - Wrist shot by Alex Laferriere.
13:58 of 1st period - Stopped by John Gibson with a rebound.
14:20 of 1st period - Wrist shot by Jake Neighbours.
14:20 of 1st period - Shot Misses the Net.
14:40 of 1st period - Snap shot by Tage Thompson.
14:40 of 1st period - Stopped by Leevi Merilainen without a rebound.
14:41 of 1st period - Mark Kastelic wins face-off versus Leon Draisaitl in Boston Bruins zone.
15:11 of 1st period - Taylor Raddysh is hit by Jordan Eberle and loses puck.
15:21 of 1st period - Jordan Eberle is hit by Taylor Raddysh and loses puck.
16:09 of 1st period - Icing by Victor Mancini.
16:10 of 1st period - Ryan O'Reilly wins face-off versus Mark Kastelic in Boston Bruins zone.
16:49 of 1st period - Sam Morton is hit by Leon Draisaitl and loses puck.
17:14 of 1st period - Snap shot by Phillip Danault.
17:14 of 1st period - Stopped by Leevi Merilainen with a rebound.
17:16 of 1st period - Slapshot by Brian Dumoulin.
17:16 of 1st period - Shot Blocked by Jack Thompson.
19:49 of 1st period - Off-side.
19:50 of 1st period - Leon Draisaitl wins face-off versus Alex Laferriere in neutral zone.
Goals for this period are 0 for Boston Bruins vs 1 for Pittsburgh Penguins.
Shots for this period are 3 for Boston Bruins vs 7 for Pittsburgh Penguins.

2nd period


0:01 of 2nd period - Leon Draisaitl wins face-off versus Ryan Strome in neutral zone.
0:06 of 2nd period - Wrist shot by Mitchell Marner.
0:06 of 2nd period - Shot Misses the Net.
0:55 of 2nd period - Off-side.
0:56 of 2nd period - Alex Laferriere wins face-off versus Sam Reinhart in neutral zone.
0:59 of 2nd period - Sam Reinhart is hit by Rasmus Sandin and loses puck.
1:22 of 2nd period - Blake Coleman is hit by Viktor Arvidsson and loses puck.
1:27 of 2nd period - Wrist shot by Maxim Tsyplakov.
1:27 of 2nd period - Shot Misses the Net.
1:29 of 2nd period - Wrist shot by Mark Kastelic.
1:29 of 2nd period - Stopped by John Gibson with a rebound.
1:31 of 2nd period - Snap shot by Maxim Tsyplakov.
1:31 of 2nd period - Goal by Maxim Tsyplakov - Boston Bruins : 1 - Pittsburgh Penguins : 1.
1:32 of 2nd period - Ryan Strome wins face-off versus Leon Draisaitl in neutral zone.
2:02 of 2nd period - Wrist shot by Tage Thompson.
2:02 of 2nd period - Shot Blocked by Urho Vaakanainen.
2:08 of 2nd period - Tage Thompson is hit by Mark Kastelic and loses puck.
2:23 of 2nd period - Wrist shot by Blake Coleman.
2:23 of 2nd period - Stopped by Leevi Merilainen without a rebound.
2:24 of 2nd period - Ryan Strome wins face-off versus Ryan O'Reilly in Boston Bruins zone.
2:45 of 2nd period - Minor Penalty to Jake Neighbours for Interference.
2:46 of 2nd period - Leon Draisaitl wins face-off versus Alex Laferriere in Boston Bruins zone.
3:01 of 2nd period - Snap shot by Sam Reinhart.
3:01 of 2nd period - Shot Blocked by Samuel Girard.
3:03 of 2nd period - Slapshot by Sam Reinhart.
3:03 of 2nd period - Shot Blocked by Beck Malenstyn.
3:13 of 2nd period - Ryan Strome is hit by Pavel Buchnevich and loses puck.
4:00 of 2nd period - Beck Malenstyn is hit by Travis Sanheim and loses puck.
4:35 of 2nd period - Pavel Buchnevich is hit by Mark Kastelic and loses puck.
4:45 of 2nd period - Penalty to Jake Neighbours is over, Jake Neighbours is back on ice.
5:04 of 2nd period - Off-side.
5:05 of 2nd period - Phillip Danault wins face-off versus Maxim Tsyplakov in neutral zone.
5:16 of 2nd period - Wrist shot by Christian Dvorak.
5:16 of 2nd period - Shot Misses the Net.
5:18 of 2nd period - Slapshot by Carson Soucy.
5:18 of 2nd period - Shot Blocked by Adam Wilsby.
5:20 of 2nd period - Snap shot by Zemgus Girgensons.
5:20 of 2nd period - Shot Blocked by Adam Wilsby.
5:43 of 2nd period - Snap shot by Taylor Raddysh.
5:43 of 2nd period - Stopped by John Gibson without a rebound.
5:44 of 2nd period - Leon Draisaitl wins face-off versus Mark Kastelic in Pittsburgh Penguins zone.
5:44 of 2nd period - Leon Draisaitl is hit by Rasmus Sandin.
5:51 of 2nd period - Wrist shot by Maxim Tsyplakov.
5:51 of 2nd period - Stopped by John Gibson without a rebound.
5:52 of 2nd period - Mark Kastelic wins face-off versus Mitchell Marner in Pittsburgh Penguins zone.
6:03 of 2nd period - Wrist shot by Viktor Arvidsson.
6:03 of 2nd period - Shot Misses the Net.
6:05 of 2nd period - Slapshot by Rasmus Sandin.
6:05 of 2nd period - Deflect By Mark Kastelic.
6:05 of 2nd period - Stopped by John Gibson with a rebound.
6:07 of 2nd period - Slapshot by Samuel Girard.
6:07 of 2nd period - Stopped by John Gibson without a rebound.
6:08 of 2nd period - Tage Thompson wins face-off versus Alex Laferriere in Pittsburgh Penguins zone.
6:50 of 2nd period - Wrist shot by Taylor Raddysh.
6:50 of 2nd period - Stopped by John Gibson without a rebound.
6:51 of 2nd period - Leon Draisaitl wins face-off versus Mark Kastelic in Pittsburgh Penguins zone.
7:36 of 2nd period - Slapshot by Taylor Raddysh.
7:36 of 2nd period - Shot Misses the Net.
7:38 of 2nd period - Wrist shot by Sam Morton.
7:38 of 2nd period - Stopped by John Gibson without a rebound.
7:39 of 2nd period - Sam Morton wins face-off versus Leon Draisaitl in Pittsburgh Penguins zone.
7:42 of 2nd period - Snap shot by Joel Farabee.
7:42 of 2nd period - Stopped by John Gibson with a rebound.
7:46 of 2nd period - Snap shot by Taylor Raddysh.
7:46 of 2nd period - Stopped by John Gibson without a rebound.
7:47 of 2nd period - Ryan Strome wins face-off versus Leon Draisaitl in Pittsburgh Penguins zone.
7:54 of 2nd period - Snap shot by Ryan Strome.
7:54 of 2nd period - Goal by Ryan Strome - Boston Bruins : 2 - Pittsburgh Penguins : 1.
7:55 of 2nd period - Ryan Strome wins face-off versus Tage Thompson in neutral zone.
8:02 of 2nd period - Snap shot by Ryan Strome.
8:02 of 2nd period - Goal by Ryan Strome - Boston Bruins : 3 - Pittsburgh Penguins : 1.
8:03 of 2nd period - Ryan Strome wins face-off versus Mitchell Marner in neutral zone.
8:12 of 2nd period - Slapshot by Ryan Strome.
8:12 of 2nd period - Shot Blocked by Sam Reinhart.
8:14 of 2nd period - Slapshot by Urho Vaakanainen.
8:14 of 2nd period - Shot Misses the Net.
8:16 of 2nd period - Snap shot by Alex Laferriere.
8:16 of 2nd period - Stopped by John Gibson without a rebound.
8:17 of 2nd period - Mark Kastelic wins face-off versus Tage Thompson in Pittsburgh Penguins zone.
8:27 of 2nd period - Snap shot by Tage Thompson.
8:27 of 2nd period - Shot Misses the Net.
8:29 of 2nd period - Snap shot by Travis Sanheim.
8:29 of 2nd period - Shot Blocked by Samuel Girard.
8:31 of 2nd period - Slapshot by Erik Karlsson.
8:31 of 2nd period - Deflect By Pavel Buchnevich.
8:31 of 2nd period - Shot Misses the Net.
8:31 of 2nd period - Puck is out of play.
8:32 of 2nd period - Leon Draisaitl wins face-off versus Alex Laferriere in Boston Bruins zone.
9:02 of 2nd period - Slapshot by Mark Kastelic.
9:02 of 2nd period - Stopped by John Gibson without a rebound.
9:03 of 2nd period - Joel Farabee wins face-off versus Tage Thompson in Pittsburgh Penguins zone.
9:16 of 2nd period - Wrist shot by Tage Thompson.
9:16 of 2nd period - Shot Misses the Net.
9:18 of 2nd period - Snap shot by Gabriel Vilardi.
9:18 of 2nd period - Stopped by Leevi Merilainen without a rebound.
9:19 of 2nd period - Ryan O'Reilly wins face-off versus Ryan Strome in Boston Bruins zone.
9:24 of 2nd period - Snap shot by Jordan Eberle.
9:24 of 2nd period - Stopped by Leevi Merilainen with a rebound.
9:26 of 2nd period - Slapshot by Travis Sanheim.
9:26 of 2nd period - Shot Misses the Net.
9:31 of 2nd period - Minor Penalty to Jake Neighbours for High sticking.
9:32 of 2nd period - Sam Reinhart wins face-off versus Viktor Arvidsson in Boston Bruins zone.
9:34 of 2nd period - Snap shot by Leon Draisaitl.
9:34 of 2nd period - Shot Misses the Net.
9:36 of 2nd period - Wrist shot by Leon Draisaitl.
9:36 of 2nd period - Shot Misses the Net.
9:38 of 2nd period - Slapshot by Brian Dumoulin.
9:38 of 2nd period - Shot Blocked by Urho Vaakanainen.
9:40 of 2nd period - Slapshot by Brian Dumoulin.
9:40 of 2nd period - Shot Misses the Net.
9:42 of 2nd period - Slapshot by Brian Dumoulin.
9:42 of 2nd period - Shot Blocked by John Marino.
9:44 of 2nd period - Wrist shot by Leon Draisaitl.
9:44 of 2nd period - Shot Blocked by Ryan Strome.
9:46 of 2nd period - Snap shot by Mitchell Marner.
9:46 of 2nd period - Goal by Mitchell Marner - Boston Bruins : 3 - Pittsburgh Penguins : 2.
9:47 of 2nd period - Ryan Strome wins face-off versus Leon Draisaitl in neutral zone.
9:50 of 2nd period - Wrist shot by Alex Laferriere.
9:50 of 2nd period - Shot Misses the Net.
9:52 of 2nd period - Wrist shot by Ryan Strome.
9:52 of 2nd period - Stopped by John Gibson without a rebound.
9:53 of 2nd period - Leon Draisaitl wins face-off versus Ryan Strome in Pittsburgh Penguins zone.
9:53 of 2nd period - Leon Draisaitl is hit by Jake Neighbours.
10:01 of 2nd period - Wrist shot by Mitchell Marner.
10:01 of 2nd period - Stopped by Leevi Merilainen without a rebound.
10:02 of 2nd period - Pavel Buchnevich wins face-off versus Alex Laferriere in Boston Bruins zone.
10:03 of 2nd period - Snap shot by Tage Thompson.
10:03 of 2nd period - Shot Misses the Net.
10:05 of 2nd period - Slapshot by Mattias Ekholm.
10:05 of 2nd period - Stopped by Leevi Merilainen with a rebound.
10:29 of 2nd period - Leon Draisaitl is hit by Maxim Tsyplakov and loses puck.
10:40 of 2nd period - Wrist shot by Leon Draisaitl.
10:40 of 2nd period - Stopped by Leevi Merilainen without a rebound.
10:41 of 2nd period - Ryan O'Reilly wins face-off versus Sam Morton in Boston Bruins zone.
10:50 of 2nd period - Wrist shot by Jordan Eberle.
10:50 of 2nd period - Stopped by Leevi Merilainen with a rebound.
10:52 of 2nd period - Wrist shot by Ryan O'Reilly.
10:52 of 2nd period - Shot Hit the Post.
10:54 of 2nd period - Slapshot by Travis Sanheim.
10:54 of 2nd period - Stopped by Leevi Merilainen with a rebound.
10:56 of 2nd period - Backhand shot by Erik Karlsson.
10:56 of 2nd period - Stopped by Leevi Merilainen without a rebound.
10:57 of 2nd period - Tage Thompson wins face-off versus Ryan Strome in Boston Bruins zone.
11:00 of 2nd period - Wrist shot by Pavel Buchnevich.
11:00 of 2nd period - Shot Blocked by Jake Neighbours.
11:08 of 2nd period - Snap shot by Ryan Strome.
11:08 of 2nd period - Stopped by John Gibson without a rebound.
11:09 of 2nd period - Ryan Strome wins face-off versus Leon Draisaitl in Pittsburgh Penguins zone.
11:16 of 2nd period - Wrist shot by Jake Neighbours.
11:16 of 2nd period - Stopped by John Gibson without a rebound.
11:17 of 2nd period - Ryan Strome wins face-off versus Leon Draisaitl in Pittsburgh Penguins zone.
11:21 of 2nd period - Minor Penalty to Leon Draisaitl for Hooking.
11:22 of 2nd period - Ryan Strome wins face-off versus Mitchell Marner in Pittsburgh Penguins zone.
11:28 of 2nd period - Slapshot by Alex Laferriere.
11:28 of 2nd period - Shot Blocked by Travis Sanheim.
12:20 of 2nd period - Backhand shot by Sam Reinhart.
12:20 of 2nd period - Shot Misses the Net.
12:22 of 2nd period - Wrist shot by Sam Reinhart.
12:22 of 2nd period - Stopped by Leevi Merilainen with a rebound.
12:24 of 2nd period - Backhand shot by Travis Sanheim.
12:24 of 2nd period - Stopped by Leevi Merilainen with a rebound.
13:21 of 2nd period - Penalty to Leon Draisaitl is over, Leon Draisaitl is back on ice.
16:11 of 2nd period - Snap shot by Pavel Buchnevich.
16:11 of 2nd period - Stopped by Leevi Merilainen with a rebound.
17:46 of 2nd period - Icing by Victor Mancini.
17:47 of 2nd period - Mark Kastelic wins face-off versus Leon Draisaitl in Boston Bruins zone.
17:49 of 2nd period - Icing by Viktor Arvidsson.
17:50 of 2nd period - Maxim Tsyplakov wins face-off versus Leon Draisaitl in Boston Bruins zone.
18:17 of 2nd period - Backhand shot by Viktor Arvidsson.
18:17 of 2nd period - Stopped by John Gibson without a rebound.
18:18 of 2nd period - Ryan Strome wins face-off versus Tage Thompson in Pittsburgh Penguins zone.
18:19 of 2nd period - Wrist shot by Jake Neighbours.
18:19 of 2nd period - Shot Blocked by Gabriel Vilardi.
18:21 of 2nd period - Slapshot by Rasmus Sandin.
18:21 of 2nd period - Shot Blocked by Tage Thompson.
18:23 of 2nd period - Wrist shot by Ryan Strome.
18:23 of 2nd period - Stopped by John Gibson with a rebound.
18:25 of 2nd period - Wrist shot by Samuel Girard.
18:25 of 2nd period - Stopped by John Gibson with a rebound.
18:27 of 2nd period - Snap shot by Jake Neighbours.
18:27 of 2nd period - Shot Misses the Net.
18:29 of 2nd period - Slapshot by Rasmus Sandin.
18:29 of 2nd period - Shot Blocked by Mattias Ekholm.
18:31 of 2nd period - Slapshot by Rasmus Sandin.
18:31 of 2nd period - Deflect By Pavel Buchnevich.
18:31 of 2nd period - Stopped by John Gibson with a rebound.
18:33 of 2nd period - Slapshot by Rasmus Sandin.
18:33 of 2nd period - Shot Blocked by Mattias Ekholm.
18:45 of 2nd period - Samuel Girard is hit by Ryan O'Reilly and loses puck.
19:42 of 2nd period - Leon Draisaitl is hit by Mark Kastelic and loses puck.
Goals for this period are 3 for Boston Bruins vs 1 for Pittsburgh Penguins.
Shots for this period are 21 for Boston Bruins vs 13 for Pittsburgh Penguins.

3rd period


0:01 of 3rd period - Ryan Strome wins face-off versus Tage Thompson in neutral zone.
0:17 of 3rd period - Snap shot by Erik Karlsson.
0:17 of 3rd period - Stopped by Leevi Merilainen with a rebound.
0:43 of 3rd period - Snap shot by Ryan Strome.
0:43 of 3rd period - Stopped by John Gibson with a rebound.
0:59 of 3rd period - Viktor Arvidsson is hit by Ryan O'Reilly and loses puck.
1:26 of 3rd period - Slapshot by Joel Farabee.
1:26 of 3rd period - Shot Misses the Net.
1:45 of 3rd period - Minor Penalty to Mark Kastelic for Tripping.
1:46 of 3rd period - Ryan Strome wins face-off versus Tage Thompson in Boston Bruins zone.
2:17 of 3rd period - Slapshot by Jake Neighbours.
2:17 of 3rd period - Stopped by John Gibson without a rebound.
2:18 of 3rd period - Leon Draisaitl wins face-off versus Alex Laferriere in Pittsburgh Penguins zone.
2:27 of 3rd period - Snap shot by Mitchell Marner.
2:27 of 3rd period - Shot Misses the Net.
2:29 of 3rd period - Wrist shot by Sam Reinhart.
2:29 of 3rd period - Deflect By Leon Draisaitl.
2:29 of 3rd period - Goal by Leon Draisaitl - Boston Bruins : 3 - Pittsburgh Penguins : 3.
2:30 of 3rd period - Ryan O'Reilly wins face-off versus Ryan Strome in neutral zone.
2:41 of 3rd period - Slapshot by Ryan O'Reilly.
2:41 of 3rd period - Shot Misses the Net.
2:43 of 3rd period - Slapshot by Erik Karlsson.
2:43 of 3rd period - Deflect By Jordan Eberle.
2:43 of 3rd period - Stopped by Leevi Merilainen with a rebound.
2:45 of 3rd period - Backhand shot by Travis Sanheim.
2:45 of 3rd period - Deflect By Jordan Eberle.
2:45 of 3rd period - Shot Misses the Net.
2:45 of 3rd period - Puck is out of play.
2:46 of 3rd period - Leon Draisaitl wins face-off versus Mark Kastelic in Boston Bruins zone.
3:23 of 3rd period - Jake Neighbours is hit by Travis Sanheim and loses puck.
3:37 of 3rd period - Minor Penalty to Ryan Strome for Slashing.
3:38 of 3rd period - Tage Thompson wins face-off versus Beck Malenstyn in Boston Bruins zone.
4:04 of 3rd period - Mitchell Marner is hit by Beck Malenstyn and loses puck.
4:13 of 3rd period - Slapshot by Leon Draisaitl.
4:13 of 3rd period - Stopped by Leevi Merilainen with a rebound.
4:24 of 3rd period - Icing by Leon Draisaitl.
4:25 of 3rd period - Leon Draisaitl wins face-off versus Alex Laferriere in Pittsburgh Penguins zone.
4:30 of 3rd period - Wrist shot by Mitchell Marner.
4:30 of 3rd period - Stopped by Leevi Merilainen with a rebound.
4:32 of 3rd period - Snap shot by Erik Karlsson.
4:32 of 3rd period - Deflect By Jake Neighbours.
4:32 of 3rd period - Stopped by Leevi Merilainen without a rebound.
4:33 of 3rd period - Tage Thompson wins face-off versus Beck Malenstyn in Boston Bruins zone.
4:43 of 3rd period - Icing by Pavel Buchnevich.
4:44 of 3rd period - Tage Thompson wins face-off versus Alex Laferriere in Pittsburgh Penguins zone.
4:51 of 3rd period - Wrist shot by Pavel Buchnevich.
4:51 of 3rd period - Stopped by Leevi Merilainen with a rebound.
4:53 of 3rd period - Snap shot by Gabriel Vilardi.
4:53 of 3rd period - Stopped by Leevi Merilainen with a rebound.
4:55 of 3rd period - Slapshot by Tage Thompson.
4:55 of 3rd period - Shot Blocked by Rasmus Sandin.
4:57 of 3rd period - Slapshot by Tage Thompson.
4:57 of 3rd period - Stopped by Leevi Merilainen with a rebound.
4:59 of 3rd period - Slapshot by Brian Dumoulin.
4:59 of 3rd period - Stopped by Leevi Merilainen with a rebound.
5:37 of 3rd period - Penalty to Ryan Strome is over, Ryan Strome is back on ice.
5:43 of 3rd period - Slapshot by Pavel Buchnevich.
5:43 of 3rd period - Stopped by Leevi Merilainen with a rebound.
5:45 of 3rd period - Slapshot by Tage Thompson.
5:45 of 3rd period - Deflect By Pavel Buchnevich.
5:45 of 3rd period - Shot Blocked by Urho Vaakanainen.
5:45 of 3rd period - Puck is out of play.
5:46 of 3rd period - Leon Draisaitl wins face-off versus Ryan Strome in Boston Bruins zone.
6:47 of 3rd period - Adam Wilsby is hit by Zemgus Girgensons and loses puck.
7:14 of 3rd period - Wrist shot by Jordan Eberle.
7:14 of 3rd period - Shot Misses the Net.
7:16 of 3rd period - Slapshot by Brian Dumoulin.
7:16 of 3rd period - Shot Hit the Post.
7:18 of 3rd period - Snap shot by Jordan Eberle.
7:18 of 3rd period - Stopped by Leevi Merilainen with a rebound.
7:20 of 3rd period - Slapshot by Brian Dumoulin.
7:20 of 3rd period - Shot Misses the Net.
7:30 of 3rd period - Mark Kastelic is hit by Pavel Buchnevich and loses puck.
7:57 of 3rd period - Slapshot by Mattias Ekholm.
7:57 of 3rd period - Stopped by Leevi Merilainen with a rebound.
7:59 of 3rd period - Snap shot by Brian Dumoulin.
7:59 of 3rd period - Shot Misses the Net.
8:01 of 3rd period - Slapshot by Mattias Ekholm.
8:01 of 3rd period - Shot Misses the Net.
8:32 of 3rd period - Wrist shot by Gabriel Vilardi.
8:32 of 3rd period - Stopped by Leevi Merilainen without a rebound.
8:33 of 3rd period - Mark Kastelic wins face-off versus Tage Thompson in Boston Bruins zone.
8:33 of 3rd period - Mark Kastelic is hit by Carson Soucy.
8:45 of 3rd period - Minor Penalty to Carson Soucy for Interference.
8:46 of 3rd period - Sam Reinhart wins face-off versus Jake Neighbours in Pittsburgh Penguins zone.
8:46 of 3rd period - Sam Reinhart is hit by Jake Neighbours.
9:43 of 3rd period - Wrist shot by Alex Laferriere.
9:43 of 3rd period - Stopped by John Gibson with a rebound.
9:45 of 3rd period - Snap shot by Ryan Strome.
9:45 of 3rd period - Goal by Ryan Strome - Boston Bruins : 4 - Pittsburgh Penguins : 3.
9:46 of 3rd period - Mark Kastelic wins face-off versus Tage Thompson in neutral zone.
9:51 of 3rd period - Slapshot by Maxim Tsyplakov.
9:51 of 3rd period - Deflect By Viktor Arvidsson.
9:51 of 3rd period - Shot Misses the Net.
9:51 of 3rd period - Puck is out of play.
9:52 of 3rd period - Mark Kastelic wins face-off versus Tage Thompson in Pittsburgh Penguins zone.
10:09 of 3rd period - Slapshot by Pavel Buchnevich.
10:09 of 3rd period - Stopped by Leevi Merilainen with a rebound.
10:25 of 3rd period - Backhand shot by Erik Karlsson.
10:25 of 3rd period - Shot Hit the Post.
10:27 of 3rd period - Snap shot by Mitchell Marner.
10:27 of 3rd period - Stopped by Leevi Merilainen with a rebound.
10:29 of 3rd period - Wrist shot by Erik Karlsson.
10:29 of 3rd period - Stopped by Leevi Merilainen with a rebound.
10:38 of 3rd period - Off-side.
10:39 of 3rd period - Blake Coleman wins face-off versus Ryan Strome in neutral zone.
11:13 of 3rd period - Wrist shot by Maxim Tsyplakov.
11:13 of 3rd period - Stopped by John Gibson without a rebound.
11:14 of 3rd period - Ryan Strome wins face-off versus Tage Thompson in Pittsburgh Penguins zone.
11:29 of 3rd period - Snap shot by Tage Thompson.
11:29 of 3rd period - Stopped by Leevi Merilainen without a rebound.
11:30 of 3rd period - Mark Kastelic wins face-off versus Leon Draisaitl in Boston Bruins zone.
11:30 of 3rd period - Mark Kastelic is hit by Erik Karlsson.
11:36 of 3rd period - Slapshot by Rasmus Sandin.
11:36 of 3rd period - Deflect By Mitchell Marner.
11:36 of 3rd period - Stopped by John Gibson with a rebound.
12:12 of 3rd period - Minor Penalty to Alex Laferriere for Cross-checking.
12:13 of 3rd period - Ryan Strome wins face-off versus Leon Draisaitl in Boston Bruins zone.
14:06 of 3rd period - Mitchell Marner is hit by Urho Vaakanainen and loses puck.
14:12 of 3rd period - Penalty to Alex Laferriere is over, Alex Laferriere is back on ice.
14:30 of 3rd period - Sam Morton is hit by Blake Coleman and loses puck.
14:41 of 3rd period - Christian Dvorak is hit by Mark Kastelic and loses puck.
16:23 of 3rd period - Ryan O'Reilly is hit by Jakob Pelletier and loses puck.
17:05 of 3rd period - Sam Morton is hit by Tage Thompson and loses puck.
17:27 of 3rd period - Snap shot by Joel Farabee.
17:27 of 3rd period - Stopped by John Gibson with a rebound.
17:29 of 3rd period - Wrist shot by Beck Malenstyn.
17:29 of 3rd period - Deflect By Joel Farabee.
17:29 of 3rd period - Goal by Joel Farabee - Boston Bruins : 5 - Pittsburgh Penguins : 3.
17:30 of 3rd period - Jordan Eberle wins face-off versus Alex Laferriere in neutral zone.
17:40 of 3rd period - Icing by Rasmus Sandin.
17:41 of 3rd period - Ryan O'Reilly wins face-off versus Alex Laferriere in Boston Bruins zone.
17:50 of 3rd period - Snap shot by Beck Malenstyn.
17:50 of 3rd period - Deflect By Alex Laferriere.
17:50 of 3rd period - Stopped by John Gibson with a rebound.
18:00 of 3rd period - Wrist shot by Alex Laferriere.
18:00 of 3rd period - Deflect By Jake Neighbours.
18:00 of 3rd period - Shot Blocked by Erik Karlsson.
18:00 of 3rd period - Puck is out of play.
18:01 of 3rd period - Phillip Danault wins face-off versus Sam Morton in Pittsburgh Penguins zone.
18:08 of 3rd period - Snap shot by Phillip Danault.
18:08 of 3rd period - Stopped by Leevi Merilainen with a rebound.
18:10 of 3rd period - Slapshot by Brian Dumoulin.
18:10 of 3rd period - Deflect By Joel Farabee.
18:10 of 3rd period - Stopped by Leevi Merilainen with a rebound.
18:12 of 3rd period - Wrist shot by Christian Dvorak.
18:12 of 3rd period - Stopped by Leevi Merilainen with a rebound.
18:14 of 3rd period - Snap shot by Christian Dvorak.
18:14 of 3rd period - Shot Misses the Net.
18:16 of 3rd period - Snap shot by Zemgus Girgensons.
18:16 of 3rd period - Shot Misses the Net.
18:33 of 3rd period - Snap shot by Alex Laferriere.
18:33 of 3rd period - Shot Misses the Net.
18:35 of 3rd period - Slapshot by John Marino.
18:35 of 3rd period - Stopped by John Gibson with a rebound.
18:37 of 3rd period - Slapshot by John Marino.
18:37 of 3rd period - Deflect By Beck Malenstyn.
18:37 of 3rd period - Shot Blocked by Jordan Eberle.
18:37 of 3rd period - Puck is out of play.
18:38 of 3rd period - Phillip Danault wins face-off versus Sam Morton in Pittsburgh Penguins zone.
19:06 of 3rd period - Minor Penalty to Travis Sanheim for Tripping.
19:07 of 3rd period - Mark Kastelic wins face-off versus Sam Reinhart in Pittsburgh Penguins zone.
19:08 of 3rd period - Snap shot by Maxim Tsyplakov.
19:08 of 3rd period - Stopped by John Gibson with a rebound.
19:10 of 3rd period - Slapshot by Mark Kastelic.
19:10 of 3rd period - Shot Blocked by Brian Dumoulin.
19:12 of 3rd period - Slapshot by Urho Vaakanainen.
19:12 of 3rd period - Shot Misses the Net.
19:14 of 3rd period - Slapshot by John Marino.
19:14 of 3rd period - Shot Misses the Net.
19:16 of 3rd period - Snap shot by Viktor Arvidsson.
19:16 of 3rd period - Goal by Viktor Arvidsson - Boston Bruins : 6 - Pittsburgh Penguins : 3.
19:17 of 3rd period - Ryan Strome wins face-off versus Leon Draisaitl in neutral zone.
19:24 of 3rd period - Wrist shot by Leon Draisaitl.
19:24 of 3rd period - Stopped by Leevi Merilainen with a rebound.
19:26 of 3rd period - Slapshot by Mitchell Marner.
19:26 of 3rd period - Stopped by Leevi Merilainen with a rebound.
19:28 of 3rd period - Slapshot by Sam Reinhart.
19:28 of 3rd period - Shot Hit the Post.
19:30 of 3rd period - Snap shot by Travis Sanheim.
19:30 of 3rd period - Stopped by Leevi Merilainen with a rebound.
19:44 of 3rd period - Tage Thompson is hit by Mark Kastelic.
Goals for this period are 3 for Boston Bruins vs 1 for Pittsburgh Penguins.
Shots for this period are 12 for Boston Bruins vs 24 for Pittsburgh Penguins.